 Dungeon Crawl Stone Soup version 0.25.1-8-g42b30a86e7 (webtiles) character file.

Game seed: 11613904874703974735

5917 SirRappy the Severer (level 10, -1/77 HPs)
             Began as a Minotaur Berserker on Dec 26, 2020.
             Was a High Priest of Trog.
             Slain by a hippogriff (4 damage)
             ... summoned by an orange crystal statue
             ... on level 9 of the Dungeon on Dec 27, 2020.
             The game lasted 00:28:34 (9056 turns).

SirRappy the Severer (Minotaur Berserker)           Turns: 9056, Time: 00:28:35

Health: -1/77      AC: 14    Str: 22    XL:     10   Next: 53%
Magic:  0/9        EV:  7    Int: -2 (7) God:    Trog [*****.]
Gold:   368        SH:  0    Dex: 10    Spells: 9/9 levels left

rFire    . . .     SeeInvis .   t - +0 war axe
rCold    . . .     Gourm    .   (no shield)
rNeg     . . .     Faith    .   E - +0 plate armour
rPois    .         Spirit   .   (helmet restricted)
rElec    .         Reflect  .   r - +1 cloak
rCorr    .         Harm     .   j - +0 pair of gloves
MR       .....                  (no boots)
Stlth    ..........             (no amulet)
HPRegen  0.22/turn              (no ring)
MPRegen  0.11/turn              (no ring)

@: confused, berserk cooldown, slowed, lost intelligence, very slow
A: retaliatory headbutt, horns 2
a: Berserk, Trog's Hand, Brothers in Arms, Renounce Religion


You were on level 9 of the Dungeon.
You worshipped Trog.
Trog was extremely pleased with you.
You were hungry.

You visited 2 branches of the dungeon, and saw 10 of its levels.
You also visited: Ossuary.

You collected 422 gold pieces.
You spent 54 gold pieces at shops.

Inventory:

Hand Weapons
 t - a +0 war axe (weapon)
 y - a +1 falchion of flaming
 H - a +0 quarterstaff
Armour
 j - a +0 pair of gloves (worn)
 r - a +1 cloak (worn)
 w - a +0 scale mail of cold resistance
 E - a +0 plate armour (worn)
 I - +0 swamp dragon scales
Jewellery
 C - an uncursed ring of protection from cold {unknown}
 K - an uncursed ring of fire {unknown}
Wands
 n - a wand of polymorph (19)
 p - a wand of paralysis (9)
 v - a wand of disintegration (13)
 B - a wand of acid (7)
Scrolls
 d - 2 scrolls of teleportation
 e - a scroll of enchant weapon
 g - 3 scrolls of fog
 k - 2 scrolls of enchant armour
 o - 3 scrolls of blinking
 q - 4 scrolls of remove curse
 D - a scroll of noise {unknown}
Potions
 a - 2 potions of stabbing {unknown}
 b - 3 potions of lignification {unknown}
 f - 4 potions of heal wounds
 h - 2 potions of haste
 i - 5 potions of flight {unknown}
 l - a potion of resistance {unknown}
 m - 2 potions of mutation {unknown}
 s - 3 potions of magic {unknown}
 u - 2 potions of brilliance {unknown}
 x - a potion of curing {unknown}
 z - 4 potions of degeneration {unknown}
 A - a potion of might {unknown}
 F - a potion of berserk rage {unknown}
Comestibles
 c - 21 rations
 G - 2 chunks of flesh


   Skills:
 - Level 3.6 Fighting
 * Level 17.7 Axes
 - Level 2.4 Armour
 - Level 2.1 Dodging


You had 9 spell levels left.
You didn't know any spells.
Your spell library was empty.

Dungeon Overview and Level Annotations

Branches:
Dungeon (9/15)             Temple (1/1) D:5         Ossuary (visited)
   Lair: D:8-11         Orc: D:9-12

Altars:
Ashenzari
Cheibriados
Dithmenos
Elyvilon
Fedhas
Hepliaklqana
Kikubaaqudgha
Makhleb
Nemelex Xobeh
Okawaru
Qazlal
Ru
Sif Muna
Trog
Uskayaw
Vehumet
Wu Jian
Xom
Yredelemnul
The Shining One

Shops:
D:8 [

Annotations:
D:9 1 runed translucent door, exclusion: 3 orange crystal statues


Innate Abilities, Weirdness & Mutations

You reflexively headbutt those who attack you in melee.
You have a pair of horns on your head.


Message History

You slash the adder!
You kill the adder!
The adder's corpse dissolves into shadows!
You miss the wyvern. The wyvern bites you.
* * * LOW HITPOINT WARNING * * *
The orange crystal statue fixes its piercing gaze on you.
The orange crystal statue glitters.
The hippogriff bites you but does no damage.
The hippogriff pecks you but does no damage.
The hippogriff barely misses you. The hound bites you but does no damage.
The wyvern barely misses you.
You hit the hippogriff.
The hippogriff is almost dead.
You barely miss the hound. You hit the wyvern but do no damage.
The hound bites you but does no damage.
The orange crystal statue fixes its piercing gaze on you.
The wyvern bites you!
* * * LOW HITPOINT WARNING * * *
The hippogriff bites you.
You die...

#### ## ...#
.. ...#
#########..#
#8...Yl.#..##
#.#...#@#...
#....ohH#.#
+...[ZYY'.#
#......$#.#
#.#...#.#.##
#8.....8#..#
#########..#
........#
###>#..#.#


You could see 3 orange crystal statues, a hippogriff (summoned), 3 yaks, a
wyvern (summoned), a hound (summoned), an orc wizard (summoned, fast) and a
hound skeleton (summoned).

Vanquished Creatures
  A two-headed ogre (D:8)
  An orange crystal statue (D:9)
  A manticore (D:8)
  Maggie (D:8)
  Prince Ribbit (D:6)
  A troll (D:8)
  A spriggan (D:8)
  2 hungry ghosts (D:8)
  Grum (D:9)
  A water moccasin (D:7)
  2 ice beasts
  A phantom (D:6)
  5 ogres
  4 wolves (D:9)
  4 centaurs
  2 bullfrogs
  A gnoll sergeant (D:7)
  3 water moccasin zombies (Ossuary)
  4 scorpions
  3 howler monkeys (D:8)
  A crimson imp (D:7)
  5 hounds
  2 quasits
  2 orc priests (D:5)
  A bullfrog skeleton (D:8)
  A centaur skeleton (D:4)
  A jelly (D:5)
  An iguana (D:6)
  4 orc wizards
  10 worker ants
  A big kobold zombie (Ossuary)
  2 mummies (Ossuary)
  2 worker ant zombies
  7 gnolls
  11 adders
  A howler monkey skeleton (D:8)
  A shadow imp (D:6)
  2 oozes
  7 adder zombies
  6 worms
  2 dart slugs
  4 leopard geckos
  22 orcs
  10 bats
  5 giant cockroaches
  A gnoll zombie (Ossuary)
  7 goblins
  10 hobgoblins
  8 jackals
  11 kobolds
  2 quokkas
  2 ball pythons
  3 frilled lizards
  8 hobgoblin zombies (Ossuary)
  9 kobold zombies (Ossuary)
  3 orc zombies
  2 quokka skeletons
  6 rats
223 creatures vanquished.

Notes
Turn   | Place    | Note
-------+----------+-------------------------------------------
     0 | D:1      | SirRappy the Minotaur Berserker began the quest for the
                  | Orb.
     0 | D:1      | Reached XP level 1. HP: 19/19 MP: 0/0
   168 | D:1      | Reached skill level 4 in Axes
   205 | D:1      | Reached XP level 2. HP: 23/26 MP: 1/1
   660 | D:2      | Reached skill level 5 in Axes
   665 | D:2      | Reached XP level 3. HP: 30/31 MP: 2/2
   876 | D:2      | Reached ** piety under Trog
   883 | D:2      | Reached skill level 6 in Axes
   883 | D:2      | Reached XP level 4. HP: 37/39 MP: 3/3
  1099 | D:2      | Noticed a centaur
  1106 | D:2      | Killed a centaur
  1106 | D:2      | Reached skill level 7 in Axes
  1106 | D:2      | Reached XP level 5. HP: 18/45 MP: 4/4
  1855 | D:3      | Reached skill level 8 in Axes
  1918 | D:3      | Reached *** piety under Trog
  1940 | D:3      | Reached XP level 6. HP: 30/51 MP: 5/5
  2763 | D:4      | Reached skill level 9 in Axes
  3400 | D:5      | Entered Level 5 of the Dungeon
  3401 | D:5      | Found a staircase to the Ecumenical Temple.
  3402 | D:5      | Found a blossoming altar of Fedhas.
  3434 | D:5      | Reached XP level 7. HP: 24/57 MP: 6/6
  3466 | Temple   | Entered the Ecumenical Temple
  3866 | D:5      | Found a blossoming altar of Fedhas.
  3918 | D:5      | Reached skill level 10 in Axes
  4156 | D:5      | Reached skill level 11 in Axes
  4459 | D:6      | Found a sand-covered staircase.
  4468 | D:6      | Reached XP level 8. HP: 64/64 MP: 7/7
  4485 | Ossuary  | Entered an ossuary
  4629 | Ossuary  | Reached **** piety under Trog
  4630 | Ossuary  | Reached skill level 12 in Axes
  4999 | D:6      | Noticed Prince Ribbit
  5013 | D:6      | Killed Prince Ribbit
  5013 | D:6      | Reached skill level 13 in Axes
  5100 | D:6      | Found an ornate altar of the Wu Jian Council.
  5186 | D:6      | Found a glowing golden altar of the Shining One.
  5602 | D:6      | Reached XP level 9. HP: 70/70 MP: 8/8
  5988 | D:7      | Reached skill level 14 in Axes
  6492 | D:7      | Reached ***** piety under Trog
  6694 | D:7      | Found a snail-covered altar of Cheibriados.
  7516 | D:8      | Noticed a manticore
  7527 | D:8      | Reached skill level 15 in Axes
  7532 | D:8      | Killed a manticore
  7784 | D:8      | Reached skill level 16 in Axes
  7912 | D:8      | Noticed a two-headed ogre
  7919 | D:8      | Killed a two-headed ogre
  7919 | D:8      | Reached XP level 10. HP: 77/77 MP: 9/9
  7997 | D:8      | Found Huotix Zujul's Armour Boutique.
  8047 | D:8      | Bought a +0 pair of gloves for 54 gold pieces
  8310 | D:8      | Noticed Maggie
  8322 | D:8      | Killed Maggie
  8331 | D:8      | Reached skill level 17 in Axes
  8619 | D:9      | Noticed Grum
  8636 | D:9      | Killed Grum
  9021 | D:9      | Found a runed translucent door.
  9028 | D:9      | Found the +10 tower shield of Ignorance {rN+ Int-4}
  9030 | D:9      | Noticed an orange crystal statue
  9030 | D:9      | Noticed an orange crystal statue
  9030 | D:9      | Noticed an orange crystal statue
  9030 | D:9      | Noticed an orange crystal statue
  9032 | D:9      | Found a runed translucent door.
  9043 | D:9      | Lost intelligence.
  9053 | D:9      | Killed an orange crystal statue
  9056 | D:9      | HP: 3/77 [wyvern[an orange crystal statue] (8)]
  9056 | D:9      | Slain by a hippogriff

Illustrated notes

Levels and vault maps discovered:
D:1:      heliophobic_arrival_battle_scene, layout_basic
D:2:      layout_rooms
D:3:      layout_rooms, minmay_fountain_box
D:4:      layout_basic, first_ration
D:5:      layout_gridville, marbit_many_paths, minmay_temple_entry_overgrown,
          chequers_mini_garden, fedhas_altar_3
D:6:      layout_basic, enter_ossuary_3, hangedman_feature_mirror,
          uniq_prince_ribbit1
D:7:      layout_basic, lemuel_coloured_pillars_altar
D:8:      minmay_curly_fans, layout_rooms, serial_shops, shop, the_bakery,
          uniq_maggie
D:9:      minmay_sliced_demisemicircle, layout_loops_ring, zin_academy,
          grunt_gozag_breadcrumbs, kennysheep_cross_bottleneck,
          chequers_guarded_unrand_ignorance, uniq_psyche, uniq_grum
Temple:   regret_index_temple_mists

Skill      XL: |  1  2  3  4  5  6  7  8  9 10 |
---------------+-------------------------------+-----
Axes           | 4 5 6 7 8 9 11 13 16 17 | 17.7
Fighting       | |  3.6
Armour         | |  2.4
Dodging        | |  2.1

Action                   |  1- 3 |  4- 6 |  7- 9 | 10-12 || total
-------------------------+-------+-------+-------+-------++-------
Melee: Hand axe          |    74 |    91 |       |       ||   165
       Headbutt          |    13 |    29 |    52 |    14 ||   108
       War axe           |       |    88 |   316 |    99 ||   503
Invok: Berserk           |       |     1 |     8 |     1 ||    10
  Use: Scroll            |       |     5 |     3 |     3 ||    11
  Eat: Chunk             |       |     8 |    23 |     5 ||    36
Armor: Animal skin       |     4 |       |       |       ||     4
       Chain mail        |    34 |   113 |   136 |     4 ||   287
       Plate armour      |       |       |       |   103 ||   103
Dodge: Dodged            |    33 |    71 |   123 |    42 ||   269
